 Dungeon Crawl Stone Soup version 0.29-a0-993-g4a18f31a58 (console) character file.

Game seed: 9533591561984838199

88 capslocke the Grave Robber (level 4, 0/24 HPs)
             Began as a Deep Elf Necromancer on Aug 3, 2022.
             Slain by a river rat (7 damage)
             ... in a sewer.
             The game lasted 00:06:47 (2001 turns).

capslocke the Grave Robber (Deep Elf Necromancer)   Turns: 2001, Time: 00:06:48

Health: 0/24       AC:  4    Str:  5    XL:     4   Next: 30%
Magic:  0/12       EV: 12    Int: 22    God:
Gold:   22         SH:  0    Dex: 15    Spells: 11/12 levels left

rFire   . . .      SeeInvis .   e - staff of death
rCold   . . .      Faith    .   (no shield)
rNeg    + + .      Spirit   .   a - +0 robe
rPois   .          Reflect  .   (no helmet)
rElec   .          Harm     .   (no cloak)
rCorr   .          Rampage  .   f - +0 pair of gloves
Will    .....                   g - +0 pair of boots
Stlth   ++........              (no amulet)
HPRegen 0.08/turn               l - ring of positive energy
MPRegen 0.13/turn               (no ring)

@: no status effects
A: no striking features
a: no special abilities


You were in a sewer.
You visited 1 branch of the dungeon, and saw 3 of its levels.
You also visited: Sewer.

You collected 22 gold pieces.

Inventory:

Armour
 a - a +0 robe (worn)
 f - a +0 pair of gloves (worn)
 g - a +0 pair of boots (worn)
Magical Staves
 e - a staff of death (weapon)
Jewellery
 l - a ring of positive energy (left hand)
Scrolls
 d - 2 scrolls of identify {unknown}
 h - a scroll of immolation {unknown}
 o - a scroll of butterflies {unknown}
 p - a scroll of enchant armour {unknown}
Potions
 b - a potion of magic
 c - 2 potions of might {unknown}
 i - 3 potions of curing {unknown}
 j - a potion of mutation {unknown}
 k - a potion of attraction {unknown}
 m - a potion of resistance {unknown}
 n - a potion of ambrosia {unknown}


   Skills:
 + Level 2.5 Dodging
 - Level 2.4 Stealth
 + Level 4.5 Spellcasting
 + Level 6.2 Necromancy


You had 11 spell levels left.
You knew the following spells:

 Your Spells              Type           Power      Damage    Failure   Level
a - Necrotise             Necr           100%       1d9       1%          1

Your spell library contained the following spells:

 Spells                   Type           Power      Damage    Failure   Level
 Vampiric Draining        Necr           48%        2d9       2%          3
 Animate Dead             Necr           48%        N/A       9%          4
 Shock                    Conj/Air       20%        1d4       11%         1
 Agony                    Necr           48%        N/A       22%         5
 Swiftness                Air            5%         N/A       32%         3
 Tukima's Dance           Hex            5%         N/A       32%         3
 Airstrike                Air            2%         2d(1-17)  71%         4


Dungeon Overview and Level Annotations

Branches:
Dungeon (3/15)              Sewer (1/1)

Altars:


Message History

Your ball python skeleton bites the river rat but does no damage.
Your ball python skeleton constricts the river rat.
The rat bites your rat skeleton.
Your rat skeleton is destroyed!
The river rat bites you. The river rat bites your rat skeleton.
Your rat skeleton bites the river rat but does no damage.
Casting: Necrotise (safe; 1% risk of failure)
Confirm with . or Enter, or press ? or * to list all spells.
You don't have enough magic to cast this spell.
Your ball python skeleton barely misses the river rat.
Your ball python skeleton constricts the river rat.
The river rat escapes!
The river rat barely misses you.
Casting: Necrotise (safe; 1% risk of failure)
Confirm with . or Enter, or press ? or * to list all spells.
Aiming: Necrotise (safe; 1% risk of failure)
Press: ? - help, Shift-Dir - straight line, f/p - river rat
Aim: a river rat (lightly wounded, chance to affect: 88%)
You feel a surge of power!
The river rat writhes in agony!
Your ball python skeleton bites the river rat but does no damage.
Your ball python skeleton grabs the river rat.
Your ball python skeleton constricts the river rat.
Your rat skeleton barely misses the river rat.
The rat closely misses you. The river rat bites you.
The river rat bites your ball python skeleton.
Your ball python skeleton is destroyed!
The rat misses you.
You closely miss the river rat.
The river rat is almost dead.
Your rat skeleton crumbles into dust!
The rat misses you. The rat bites you. The river rat barely misses you.
You barely miss the river rat.
The river rat is almost dead.
The rat bites you but does no damage. The rat bites you.
The river rat completely misses you.
You hit the river rat but do no damage.
The river rat writhes in agony.
You kill the river rat!
The rat bites you but does no damage. x2; The river rat bites you!
* * * LOW HITPOINT WARNING * * *
The river rat bites you!
You die...

#≈.~≈≈≈#
#≈≈~≈≈≈#
#≈≈#~.≈#
#≈≈≈~≈≈#
#≈≈≈~≈≈#
#≈≈≈~≈≈#
#≈≈≈~≈≈#
#≈≈≈~≈≈#
##..@r##
#..r†r.#
##.....†#
#.†.....#
##........
####......
###... ###


You could see a river rat and 2 rats.

Vanquished Creatures
  2 adders (D:2)
  2 river rats (Sewer)
  2 worms
  2 dart slugs
  3 endoplasms
  4 giant cockroaches
  3 goblins (D:2)
  5 hobgoblins
  3 jackals (D:2)
  4 kobolds
  4 ball pythons
  6 bats
  3 frilled lizards
  7 rats
50 creatures vanquished.

Vanquished Creatures (collateral kills)
  An endoplasm (Sewer)
  2 rats (Sewer)
3 creatures vanquished.

Vanquished Creatures (others)
  15 plants (D:2)
15 creatures vanquished.

Grand Total: 68 creatures vanquished

Notes
Turn   | Place    | Note
-------+----------+-------------------------------------------
     0 | D:1      | capslocke the Deep Elf Necromancer began the quest for the
                  | Orb.
     0 | D:1      | Reached XP level 1. HP: 10/10 MP: 6/6
   129 | D:1      | Got the Folio of the Atmosphere and Guile
   218 | D:1      | Reached skill level 5 in Necromancy
   332 | D:1      | Reached XP level 2. HP: 15/15 MP: 5/8
   966 | D:2      | Reached XP level 3. HP: 19/19 MP: 5/10
  1413 | D:2      | Reached skill level 6 in Necromancy
  1896 | D:3      | Found a glowing drain.
  1902 | D:3      | Reached XP level 4. HP: 24/24 MP: 8/12
  1913 | Sewer    | Entered a sewer
  2001 | Sewer    | Slain by a river rat

Illustrated notes

Levels and vault maps discovered:
D:1:      saegor_arrival_simple_d, layout_loops_ring
D:2:      layout_basic, serial_bayou, serial_bayou_shore_a, serial_bayou_pond_a,
          serial_bayou_pond_e, serial_bayou_ford_a
D:3:      minmay_angry_zag, layout_basic, portal_sewer_entry_b
Sewer:    sewer_minmay_w

Skill      XL: |  1  2  3 |
---------------+----------+-----
Necromancy     | 5 6 |  6.2
Spellcasting   | 4 |  4.5
Dodging        | |  2.5
Stealth        | |  2.4

Action                   |  1- 3 |  4- 6 || total
-------------------------+-------+-------++-------
Melee: Staff             |     1 |     3 ||     4
 Cast: Necrotise         |    69 |    20 ||    89
Armor: Robe              |     4 |     3 ||     7
Dodge: Dodged            |    13 |     7 ||    20

Table legend: (Time is in decaauts)
 A = Elapsed time spent in this place.
 B = Non-inter-level travel time spent in this place.
 C = Inter-level travel time spent in this place.
 D = Time resting spent in this place.
 E = Time spent auto-exploring this place.
 F = Levels seen in this place.
 G = Mean time per level.
                   A        B        C        D        E       F      G
               +--------+--------+--------+--------+--------+-----+--------+
         Total |   2026 |   1964 |     62 |    198 |   1448 |   4 |  506.5 |
       Dungeon |   1929 |   1867 |     62 |    147 |   1432 |   3 |  643.0 |
         Sewer |     96 |     96 |      0 |     51 |     15 |   1 |   96.0 |
               +--------+--------+--------+--------+--------+-----+--------+

Top non-repeatable levels by time:
     D:2: 1052 daAuts
     D:1: 847 daAuts
   Sewer: 96 daAuts
     D:3: 29 daAuts
